TOP OF THE 1ST |
Minnesota Twins batting - Pitching for Baltimore Orioles : RHP Kevin Cushman
|
Pitching: RHP Kevin Cushman
|
|
Batting: LHB Peer Derks
|
0-0: Ground out 3-1 (Groundball, 34S, EV 83.1 MPH)
|
Batting: LHB Alejandro Soriano
|
0-0: Swinging Strike 0-1: Foul Ball, location: 2F 0-2: Ball 1-2: Ball 2-2: Fly out, F7 (Flyball, 7S, EV 88.8 MPH)
|
Batting: LHB Helge Jivotovsky
|
0-0: Ball 1-0: Ground out 6-3 (Groundball, 4M, EV 83.1 MPH)
|
Top of the 1st over - 0 runs, 0 hits, 0 errors, 0 left on base; Minnesota 0 - Baltimore 0 |
BOTTOM OF THE 1ST |
Baltimore Orioles batting - Pitching for Minnesota Twins : RHP Brian Bright
|
Pitching: RHP Brian Bright
|
|
Batting: RHB Saimei Kudo
|
0-0: Ball 1-0: Ball 2-0: Called Strike 2-1: Foul Ball, location: 2F 2-2: Ground out 4-3 (Groundball, 6MS, EV 75.6 MPH)
|
Batting: LHB Jesus Lozano
|
0-0: Ball 1-0: Ground out 4-3 (Groundball, 4, EV 81.9 MPH)
|
Batting: RHB Rudo Garciaparra
|
0-0: Called Strike 0-1: Ball 1-1: Fly out, F9 (Flyball, 89D, EV 102.5 MPH)
|
Bottom of the 1st over - 0 runs, 0 hits, 0 errors, 0 left on base; Minnesota 0 - Baltimore 0 |
TOP OF THE 2ND |
Minnesota Twins batting - Pitching for Baltimore Orioles : RHP Kevin Cushman
|
Batting: RHB Kevin Howard
|
0-0: Ball 1-0: Ball 2-0: Ball 3-0: Base on Balls
|
Batting: RHB Matthew Starr
|
0-0: Ball 1-0: Ball 2-0: SINGLE (Line Drive, 4D, EV 99.4 MPH) Kevin Howard to second
|
Batting: RHB José Molina
|
0-0: Called Strike 0-1: Called Strike 0-2: Grounds into double play, 5-4-3 (Groundball, 56S, EV 86.9 MPH) Kevin Howard to third
|
Batting: RHB Mike Quackenbush
|
0-0: Foul Ball, location: 2F 0-1: Ball 1-1: Swinging Strike 1-2: Strikes out looking
|
Top of the 2nd over - 0 runs, 1 hit, 0 errors, 1 left on base; Minnesota 0 - Baltimore 0 |
BOTTOM OF THE 2ND |
Baltimore Orioles batting - Pitching for Minnesota Twins : RHP Brian Bright
|
Batting: LHB Ernesto Cedillos
|
0-0: Called Strike 0-1: Ball 1-1: Swinging Strike 1-2: Strikes out swinging
|
Batting: RHB Blake Ballard
|
0-0: Called Strike 0-1: Ball 1-1: Swinging Strike 1-2: Strikes out swinging
|
Batting: LHB Paul Diaz
|
0-0: Ball 1-0: SINGLE (Line Drive, 4D, EV 99.4 MPH)
|
Batting: SHB Robert Handy
|
0-0: SINGLE (Line Drive, 8RS, EV 106.9 MPH) Paul Diaz to second
|
Batting: LHB Bob Melley
|
0-0: Ball 1-0: Foul Ball, location: 2F 1-1: Ball 2-1: Ball 3-1: Foul Ball, location: 2F 3-2: Base on Balls Paul Diaz to third Robert Handy to second
|
Batting: RHB Andres Leon
|
0-0: Fielders Choice at 2nd, 6-4 (Groundball, 6, EV 108.1 MPH)
|
Bottom of the 2nd over - 0 runs, 2 hits, 0 errors, 3 left on base; Minnesota 0 - Baltimore 0 |
TOP OF THE 3RD |
Minnesota Twins batting - Pitching for Baltimore Orioles : RHP Kevin Cushman
|
Batting: RHB Alex Sandoval
|
0-0: Ground out 6-3 (Groundball, 6S, EV 63.1 MPH)
|
Batting: RHB Danny Eberhart
|
0-0: Called Strike 0-1: Ball 1-1: Ball 2-1: Fly out, F7 (Flyball, 7S, EV 89.4 MPH)
|
Batting: LHB Peer Derks
|
0-0: Ball 1-0: Ball 2-0: Called Strike 2-1: SINGLE (Groundball, 3D, EV 97.5 MPH)
|
Batting: LHB Alejandro Soriano
|
0-0: Ball Peer Derks steals 2nd, throwing error, E2 Peer Derks to third 1-0: Ball Wild Pitch! Peer Derks scores 2-0: Foul Ball, location: 2F 2-1: Ball 3-1: Foul Ball, location: 2F 3-2: SOLO HOME RUN (Flyball, 89XD, EV 105.0 MPH), Distance : 396 ft
|
Batting: LHB Helge Jivotovsky
|
0-0: Foul Ball, location: 2F 0-1: Ball 1-1: Ball 2-1: Foul Ball, location: 2F 2-2: Strikes out swinging
|
Top of the 3rd over - 2 runs, 2 hits, 1 error, 0 left on base; Minnesota 2 - Baltimore 0 |
BOTTOM OF THE 3RD |
Baltimore Orioles batting - Pitching for Minnesota Twins : RHP Brian Bright
|
Batting: RHB Saimei Kudo
|
0-0: Ball 1-0: Swinging Strike 1-1: Foul Ball, location: 2F 1-2: Ball 2-2: Ball 3-2: SINGLE (Groundball, 6MD, EV 105.0 MPH)
|
Batting: LHB Jesus Lozano
|
0-0: Swinging Strike 0-1: Ball 1-1: Ball 2-1: Fielders Choice at 2nd, 5-4 (Groundball, 5, EV 86.9 MPH)
|
Batting: RHB Rudo Garciaparra
|
0-0: Called Strike Jesus Lozano is caught stealing 2nd base 2-4 0-1: Foul Ball, location: 2F 0-2: Ball 1-2: Foul Ball, location: 2F 1-2: Ball 2-2: Foul Ball, location: 2F 2-2: Ball 3-2: SINGLE (Groundball, 6S, EV 63.8 MPH) (infield hit)
|
Batting: LHB Ernesto Cedillos
|
0-0: Ball 1-0: Swinging Strike 1-1: Ball 2-1: Ball 3-1: Foul Ball, location: 2F 3-2: Base on Balls Rudo Garciaparra to second
|
Batting: RHB Blake Ballard
|
0-0: Ball 1-0: Ball 2-0: Called Strike 2-1: Ball 3-1: Swinging Strike 3-2: Foul Ball, location: 2F 3-2: Foul Ball, location: 2F 3-2: Foul Ball, location: 2F 3-2: Ground out 4-3 (Groundball, 4, EV 80.0 MPH)
|
Bottom of the 3rd over - 0 runs, 2 hits, 0 errors, 2 left on base; Minnesota 2 - Baltimore 0 |
TOP OF THE 4TH |
Minnesota Twins batting - Pitching for Baltimore Orioles : RHP Kevin Cushman
|
Batting: RHB Kevin Howard
|
0-0: Ball 1-0: DOUBLE (Flyball, 8LXD, EV 106.2 MPH)
|
Batting: RHB Matthew Starr
|
0-0: Ball 1-0: Swinging Strike 1-1: Fly out, F8 (Flyball, 8RXD, EV 106.9 MPH) Runner from 2nd tags up, SAFE at 3rd, no throw by CF
|
Batting: RHB José Molina
|
0-0: Fly out, F9 (Flyball, 89M, EV 85.6 MPH) Runner from 3rd tags up, OUT at HOME! 9-2
|
Top of the 4th over - 0 runs, 1 hit, 0 errors, 0 left on base; Minnesota 2 - Baltimore 0 |
BOTTOM OF THE 4TH |
Baltimore Orioles batting - Pitching for Minnesota Twins : RHP Brian Bright
|
Batting: LHB Paul Diaz
|
0-0: Called Strike 0-1: Ball 1-1: Ground out 4-3 (Groundball, 34D, EV 98.8 MPH)
|
Batting: SHB Robert Handy
|
0-0: Ball 1-0: Swinging Strike 1-1: Ball 2-1: Foul Ball, location: 2F 2-2: SINGLE (Line Drive, 56, EV 97.5 MPH)
|
Batting: LHB Bob Melley
|
0-0: Ball 1-0: Ball 2-0: Ball 3-0: Called Strike 3-1: Foul Ball, location: 2F 3-2: SINGLE (Line Drive, 9S, EV 109.4 MPH) Robert Handy to second
|
Batting: RHB Andres Leon
|
0-0: Foul Ball, location: 2F 0-1: Ball 1-1: Ball Passed Ball! Robert Handy to third Bob Melley to second 2-1: SINGLE (Line Drive, 6D, EV 96.9 MPH) Robert Handy scores Bob Melley to third
|
Batting: RHB Saimei Kudo
|
0-0: Called Strike Andres Leon steals 2nd base 0-1: Ball Wild Pitch! Bob Melley scores Andres Leon to third 1-1: Foul Ball, location: 2F 1-2: Ball 2-2: Strikes out looking
|
Batting: LHB Jesus Lozano
|
0-0: Called Strike 0-1: Ground out 6-3 (Groundball, 6, EV 82.5 MPH)
|
Bottom of the 4th over - 2 runs, 3 hits, 0 errors, 1 left on base; Minnesota 2 - Baltimore 2 |
TOP OF THE 5TH |
Minnesota Twins batting - Pitching for Baltimore Orioles : RHP Kevin Cushman
|
Batting: RHB Mike Quackenbush
|
0-0: Foul Ball, location: 2F 0-1: Swinging Strike 0-2: Ball 1-2: Strikes out swinging
|
Batting: RHB Alex Sandoval
|
0-0: Called Strike 0-1: Ball 1-1: Ball 2-1: Ball 3-1: Foul Ball, location: 2F 3-2: Strikes out looking
|
Batting: RHB Danny Eberhart
|
0-0: Fly out, F8 (Flyball, 78M, EV 76.2 MPH)
|
Top of the 5th over - 0 runs, 0 hits, 0 errors, 0 left on base; Minnesota 2 - Baltimore 2 |
BOTTOM OF THE 5TH |
Baltimore Orioles batting - Pitching for Minnesota Twins : RHP Brian Bright
|
Batting: RHB Rudo Garciaparra
|
0-0: Foul Ball, location: 2F 0-1: DOUBLE (Flyball, 8RXD, EV 112.5 MPH)
|
Batting: LHB Ernesto Cedillos
|
0-0: Called Strike 0-1: Called Strike 0-2: Strikes out looking
|
Batting: RHB Blake Ballard
|
0-0: Ball 1-0: Ball 2-0: Called Strike 2-1: Ball 3-1: Foul Ball, location: 2F 3-2: Base on Balls
|
Batting: LHB Paul Diaz
|
0-0: Called Strike 0-1: Fielders Choice at 2nd, 4-6 (Groundball, 34D, EV 97.5 MPH) Rudo Garciaparra to third
|
Batting: SHB Robert Handy
|
0-0: Foul Ball, location: 2F 0-1: Ball 1-1: Swinging Strike 1-2: Fly out, F8 (Flyball, 8LXD, EV 103.8 MPH)
|
Bottom of the 5th over - 0 runs, 1 hit, 0 errors, 2 left on base; Minnesota 2 - Baltimore 2 |
TOP OF THE 6TH |
Minnesota Twins batting - Pitching for Baltimore Orioles : RHP Kevin Cushman
|
Batting: LHB Peer Derks
|
0-0: Ball 1-0: Ball 2-0: Called Strike 2-1: Ground out 5-3 (Groundball, 15, EV 87.5 MPH)
|
Batting: LHB Alejandro Soriano
|
0-0: Foul Ball, location: 2F 0-1: Swinging Strike 0-2: Foul Ball, location: 2F 0-2: Strikes out swinging
|
Batting: LHB Helge Jivotovsky
|
0-0: SINGLE (Groundball, 34D, EV 108.8 MPH)
|
Batting: RHB Kevin Howard
|
0-0: Ball 1-0: Swinging Strike 1-1: Ball 2-1: Ball 3-1: Base on Balls Helge Jivotovsky to second
|
Batting: RHB Matthew Starr
|
0-0: Ball 1-0: Called Strike 1-1: Ground out U3 (Groundball, 3L, EV 88.1 MPH)
|
Top of the 6th over - 0 runs, 1 hit, 0 errors, 2 left on base; Minnesota 2 - Baltimore 2 |
BOTTOM OF THE 6TH |
Baltimore Orioles batting - Pitching for Minnesota Twins : RHP Brian Bright
|
Pitching: LHP Yorinobu Noguchi
|
|
Batting: LHB Bob Melley
|
0-0: Ball 1-0: Ball 2-0: Called Strike 2-1: SINGLE (Groundball, 25, EV 67.5 MPH) (infield hit)
|
Batting: RHB Andres Leon
|
0-0: Ball 1-0: Grounds into double play, 4-6-3 (Groundball, 4M, EV 88.1 MPH)
|
Batting: RHB Saimei Kudo
|
0-0: Ball 1-0: Foul Ball, location: 2F 1-1: Ball 2-1: Ball 3-1: Foul Ball, location: 2F 3-2: Base on Balls
|
Batting: LHB Jesus Lozano
|
0-0: Ball 1-0: Ball 2-0: Called Strike 2-1: Ball 3-1: Swinging Strike 3-2: Strikes out swinging
|
Bottom of the 6th over - 0 runs, 1 hit, 0 errors, 1 left on base; Minnesota 2 - Baltimore 2 |
TOP OF THE 7TH |
Minnesota Twins batting - Pitching for Baltimore Orioles : RHP Kevin Cushman
|
Batting: RHB José Molina
|
0-0: Swinging Strike 0-1: Ball 1-1: Ball 2-1: Ball 3-1: Foul Ball, location: 2F 3-2: Fly out, F9 (Flyball, 9, EV 84.4 MPH)
|
Batting: RHB Mike Quackenbush
|
0-0: Called Strike 0-1: Swinging Strike 0-2: Foul Ball, location: 2F 0-2: Ball 1-2: Strikes out looking
|
Batting: RHB Alex Sandoval
|
0-0: Swinging Strike 0-1: Ball 1-1: Called Strike 1-2: Ball 2-2: Foul Ball, location: 2F 2-2: Strikes out swinging
|
Top of the 7th over - 0 runs, 0 hits, 0 errors, 0 left on base; Minnesota 2 - Baltimore 2 |
BOTTOM OF THE 7TH |
Baltimore Orioles batting - Pitching for Minnesota Twins : LHP Yorinobu Noguchi
|
Pitching: LHP Jim Storer
|
|
Batting: RHB Rudo Garciaparra
|
0-0: Called Strike 0-1: Foul Ball, location: 2F 0-2: Foul Ball, location: 2F 0-2: Ball 1-2: Ball 2-2: Strikes out swinging
|
Batting: LHB Ernesto Cedillos
|
0-0: Ball 1-0: Swinging Strike 1-1: Foul Ball, location: 2F 1-2: Strikes out swinging
|
Batting: RHB Blake Ballard
|
0-0: Foul Ball, location: 2F 0-1: Ball 1-1: Foul Ball, location: 2F 1-2: Strikes out looking
|
Bottom of the 7th over - 0 runs, 0 hits, 0 errors, 0 left on base; Minnesota 2 - Baltimore 2 |
TOP OF THE 8TH |
Minnesota Twins batting - Pitching for Baltimore Orioles : RHP Kevin Cushman
|
Batting: RHB Danny Eberhart
|
0-0: Foul Ball, location: 2F 0-1: Ground out 5-3 (Groundball, 56, EV 104.4 MPH)
|
Batting: LHB Peer Derks
|
0-0: Called Strike 0-1: Ball 1-1: SINGLE (Line Drive, 89S, EV 106.2 MPH)
|
Batting: LHB Alejandro Soriano
|
0-0: Ball 1-0: Called Strike 1-1: Called Strike 1-2: Ball 2-2: Foul Ball, location: 2F 2-2: SINGLE (Line Drive, 7S, EV 94.4 MPH) Peer Derks to second
|
Pitching: LHP Mark Gehring
|
|
Batting: RHB Hildo Pot
|
0-0: Called Strike 0-1: Foul Ball, location: 2F 0-2: Ball 1-2: Strikes out looking
|
Batting: RHB Kevin Howard
|
0-0: Ball 1-0: Foul Ball, location: 2F 1-1: Foul Ball, location: 2F 1-2: Strikes out swinging
|
Top of the 8th over - 0 runs, 2 hits, 0 errors, 2 left on base; Minnesota 2 - Baltimore 2 |
BOTTOM OF THE 8TH |
Baltimore Orioles batting - Pitching for Minnesota Twins : LHP Jim Storer
|
Pitching: RHP Jimmy Seager
|
|
Batting: LHB Paul Diaz
|
0-0: Ground out 6-3 (Groundball, 4, EV 83.1 MPH)
|
Batting: SHB Robert Handy
|
0-0: Called Strike 0-1: Ball 1-1: Called Strike 1-2: Ground out 4-3 (Groundball, 3D, EV 103.8 MPH)
|
Batting: LHB Bob Melley
|
0-0: Ball 1-0: Called Strike 1-1: SINGLE (Groundball, 34D, EV 100.6 MPH)
|
Batting: RHB Andres Leon
|
0-0: Ball 1-0: Ball Bob Melley is caught stealing 2nd base 2-4
|
Bottom of the 8th over - 0 runs, 1 hit, 0 errors, 0 left on base; Minnesota 2 - Baltimore 2 |
TOP OF THE 9TH |
Minnesota Twins batting - Pitching for Baltimore Orioles : LHP Mark Gehring
|
Batting: RHB Matthew Starr
|
0-0: Ball 1-0: Ball 2-0: Called Strike 2-1: Ball 3-1: Called Strike 3-2: SINGLE (Groundball, 25, EV 67.5 MPH) (infield hit)
|
Batting: RHB José Molina
|
0-0: Foul Ball, location: 2F 0-1: Fly out, F7 (Flyball, 7S, EV 91.2 MPH)
|
Batting: RHB Mike Quackenbush
|
0-0: Called Strike 0-1: Ball 1-1: Called Strike 1-2: Ball 2-2: Strikes out swinging
|
Batting: RHB Alex Sandoval
|
0-0: Ball 1-0: Ball 2-0: SINGLE (Line Drive, 78S, EV 101.9 MPH) Matthew Starr to second
|
Batting: RHB Danny Eberhart
|
0-0: Called Strike 0-1: Fielders Choice at 2nd, 6-4 (Groundball, 6, EV 88.8 MPH)
|
Top of the 9th over - 0 runs, 2 hits, 0 errors, 2 left on base; Minnesota 2 - Baltimore 2 |
BOTTOM OF THE 9TH |
Baltimore Orioles batting - Pitching for Minnesota Twins : RHP Jimmy Seager
|
Pitching: LHP Matt Walton
|
|
Batting: RHB Andres Leon
|
0-0: Called Strike 0-1: Ball 1-1: Ball 2-1: Called Strike 2-2: Foul Ball, location: 2F 2-2: Strikes out swinging
|
Batting: RHB Saimei Kudo
|
0-0: Swinging Strike 0-1: Fly out, F7 (Flyball, 78S, EV 75.6 MPH)
|
Pinch Hitting: RHB Muneer Maudad
|
0-0: Swinging Strike 0-1: Swinging Strike 0-2: Strikes out swinging
|
Bottom of the 9th over - 0 runs, 0 hits, 0 errors, 0 left on base; Minnesota 2 - Baltimore 2 |
TOP OF THE 10TH |
Minnesota Twins batting - Pitching for Baltimore Orioles : LHP Mark Gehring
|
Pitching: RHP Chris Dauphin
|
|
Now at 2B: Andres Leon
|
|
Now at SS: Rudo Garciaparra
|
|
Now in LF: Muneer Maudad
|
|
Now in RF: Bob Melley
|
|
Batting: LHB Peer Derks
|
0-0: Swinging Strike 0-1: Fly out, F7 (Flyball, 7S, EV 75.6 MPH)
|
Batting: LHB Alejandro Soriano
|
0-0: Ball 1-0: Fly out, F9 (Line Drive, 89M, EV 89.4 MPH)
|
Batting: RHB Hildo Pot
|
0-0: Swinging Strike 0-1: Swinging Strike 0-2: Foul Ball, location: 2F 0-2: Foul Ball, location: 2F 0-2: Ball 1-2: Foul Ball, location: 2F 1-2: Strikes out swinging
|
Top of the 10th over - 0 runs, 0 hits, 0 errors, 0 left on base; Minnesota 2 - Baltimore 2 |
BOTTOM OF THE 10TH |
Baltimore Orioles batting - Pitching for Minnesota Twins : LHP Matt Walton
|
Pitching: RHP Mark Case
|
|
Batting: RHB Rudo Garciaparra
|
0-0: Foul Ball, location: 2F 0-1: Ball 1-1: Swinging Strike 1-2: Ground out 6-3 (Groundball, 6, EV 106.2 MPH)
|
Batting: LHB Ernesto Cedillos
|
0-0: TRIPLE (Flyball, 89XD, EV 108.8 MPH)
|
Batting: RHB Blake Ballard
|
0-0: Foul Ball, location: 2F 0-1: Swinging Strike 0-2: Ball 1-2: Ball Wild Pitch! Ernesto Cedillos scores
|
Bottom of the 10th over - 1 run, 1 hit, 0 errors, 0 left on base; Minnesota 2 - Baltimore 3 |
|